 Dungeon Crawl Stone Soup version 0.31-a0-219-g8d62b2e7bb (webtiles) character file.

Game seed: 711004730556563440

32 Maxmaps the Caller (level 3, -4/27 HPs)
             Began as a Demonspawn Summoner on July 3, 2023.
             Splashed by a jelly's acid (9 damage)
             ... on level 2 of the Dungeon.
             The game lasted 00:01:53 (1538 turns).

Maxmaps the Caller (Demonspawn Summoner)            Turns: 1538, Time: 00:01:55

Health: -4/27      AC:  8    Str:  8    XL:     3   Next: 8%
Magic:  6/6        EV:  4    Int: 18    God:
Gold:   67         SH:  0    Dex: 13    Spells: 5/6 levels left

rFire   . .          .
                       - Unarmed
rCold   . . .        (no shield)
rNeg    . . .        g - +0 chain mail
rPois   .            (no helmet)
rElec   .            (no cloak)
rCorr   .            (no gloves)
SInv    .            (no boots)
Will    .....        (no amulet) Stlth
                     (no ring)
HPRegen 0.24/turn    (no ring)
MPRegen 0.10/turn

%: no passive effects
@: no status effects
A: claws 1, hooves 1
a: no special abilities


You were on level 2 of the Dungeon.
You visited 1 branch of the dungeon, and saw 2 of its levels.

You collected 67 gold pieces.

Inventory:

Hand Weapons
 e - a +1 short sword of holy wrath
Armour
 g - a +0 chain mail (worn)
 h - the +1 ring mail "Wuumasen" {rN+ rCorr Dex-5 SInv}
   (You found it on level 2 of the Dungeon)

   Dex:       It affects your dexterity (-5).
   rN:        It protects you from negative energy.
   SInv:      It lets you see invisible.
   rCorr:     It protects you from acid and corrosion.
Scrolls
 a - a scroll of poison {unknown}
 c - a scroll of vulnerability {unknown}
 d - 2 scrolls of fear {unknown}
 f - a scroll of amnesia {unknown}
Potions
 b - a potion of magic


   Skills:
 - Level 2.1 Fighting
 - Level 1.7 Dodging
 - Level 1.7 Stealth
 + Level 1.3 Unarmed Combat
 - Level 2.0 Spellcasting
 - Level 4.0 Summonings


You had 5 spell levels left.
You knew the following spells:

 Your Spells              Type           Power      Damage    Failure   Level
a - Summon Small Mammal   Summ           64%        N/A       98%         1

Your spell library contained the following spells:

 Spells                   Type           Power      Damage    Failure   Level
 Call Imp                 Summ           32%        N/A       99%         2
 Call Canine Familiar     Summ           16%        N/A       100%        3
 Ozocubu's Armour         Ice            1%         N/A       100%        3
 Summon Guardian Golem    Hex/Summ       9%         N/A       100%        3
 Summon Lightning Spire   Summ/Air       9%         N/A       100%        4
 Metabolic Englaciation   Hex/Ice        0%         N/A       100%        5
 Simulacrum               Ice/Necr       0%         N/A       100%        6


Dungeon Overview and Level Annotations

Branches:
Dungeon (2/15)

Altars:


Innate Abilities, Weirdness & Mutations

You have sharp fingernails.
You have large cloven feet.


Message History

Found a stone staircase leading down.
The ball python bites you but does no damage.
The ball python grabs you. The ball python constricts you.
A jelly comes into view.
There are monsters nearby!
You closely miss the ball python. You kick the ball python.
The ball python is moderately wounded.
The ball python bites you but does no damage.
The ball python constricts you.
You scratch the ball python. You kick the ball python.
You kill the ball python!
You scratch the jelly.
Your claws burn!
You kick the jelly.
The jelly is heavily wounded.
The jelly hits you.
You are splashed with acid!
You are too injured to fight recklessly!
You are too injured to fight recklessly!
You are too injured to fight recklessly!
You are too injured to fight recklessly!
You are too injured to fight recklessly!
You are too injured to fight recklessly!
You are too injured to fight recklessly!
You are too injured to fight recklessly!
You are too injured to fight recklessly!
You are too injured to fight recklessly!
You are too injured to fight recklessly!
You are too injured to fight recklessly!
You are too injured to fight recklessly!
You are too injured to fight recklessly!
You are too injured to fight recklessly!
You are too injured to fight recklessly!
You are too injured to fight recklessly!
You are too injured to fight recklessly!
You scratch the jelly.
Your claws burn!
* * * LOW HITPOINT WARNING * * *
Your claw misses the jelly.
The jelly is heavily wounded.
The jelly hits you.
* * * LOW HITPOINT WARNING * * *
You are splashed with acid!
You die...

...# ...# #+# ...# #.#
...# #.# ...#
############.####### ...#
#................... ...#
#.##########.####### ####
#.##................
######.##.######@########
................J....>..
##..#
######....######.####.##
.... ....####### ...
###... ....# .(. ..#...
#...###### ..... #.# ..
##.......# .....
######.#.#. ###.....#
....... #...##.#.#.
####.....# #.#...##.#...


You could see a jelly.

Vanquished Creatures
  2 worms (D:2)
  3 endoplasms
  2 giant cockroaches (D:1)
  A goblin (D:1)
  A hobgoblin (D:1)
  A quokka (D:2)
  2 ball pythons (D:2)
  2 bats (D:1)
  A frilled lizard (D:1)
  2 kobolds
  2 rats
19 creatures vanquished.

Vanquished Creatures (collateral kills)
  2 bats (D:1)
  A hobgoblin (D:1)
  A quokka (D:1)
  2 ball pythons (D:1)
  A rat (D:1)
7 creatures vanquished.

Grand Total: 26 creatures vanquished

Notes
Turn   | Place    | Note
-------+----------+-------------------------------------------
     0 | D:1      | Maxmaps the Demonspawn Summoner began the quest for the
                  | Orb.
     0 | D:1      | Reached XP level 1. HP: 13/13 MP: 3/3
   102 | D:1      | Reached skill level 1 in Fighting
   312 | D:1      | Discovered your monstrous ancestry.
   312 | D:1      | Gained mutation: You have sharp fingernails. [demonic
                  | ancestry]
   312 | D:1      | Reached XP level 2. HP: 22/22 MP: 3/5
   789 | D:1      | You fall into a shaft and drop 1 floor!
  1022 | D:2      | Reached skill level 1 in Unarmed Combat
  1131 | D:2      | Gained mutation: You have large cloven feet. [demonic
                  | ancestry]
  1131 | D:2      | Reached XP level 3. HP: 5/27 MP: 6/6
  1339 | D:2      | Identified the +1 ring mail "Wuumasen" {rN+ rCorr Dex-5
                  | SInv}
  1538 | D:2      | Splashed by a jelly's acid

Illustrated notes

Levels and vault maps discovered:
D:1:      saegor_arrival_fortress, layout_basic, minmay_3d_cube
D:2:      layout_basic

Skill      XL: |  1  2 |
---------------+-------+-----
Fighting       | 1 2 |  2.1
Unarmed Combat | 1 |  1.3
Dodging        | |  1.7
Stealth        | |  1.7
Spellcasting   | |  2.0
Summonings     | |  4.0

Action                     || total
---------------------------++-------
  Melee: Unarmed           ||   142
         Kick              ||     4
   Cast: Summon Small Mamm ||     8
   Stab: Distracted        ||     1
         Sleeping          ||     3
 Armour: Robe              ||    37
         Chain mail        ||    17
  Dodge: Dodged            ||    89

Table legend: (Time is in decaauts)
 A = Elapsed time spent in this place.
 B = Non-inter-level travel time spent in this place.
 C = Inter-level travel time spent in this place.
 D = Time resting spent in this place.
 E = Time spent auto-exploring this place.
 F = Levels seen in this place.
 G = Mean time per level.
                   A        B        C        D        E       F      G
               +--------+--------+--------+--------+--------+-----+--------+
         Total |   1536 |   1486 |     50 |    243 |    930 |   2 |  768.0 |
       Dungeon |   1536 |   1486 |     50 |    243 |    930 |   2 |  768.0 |
               +--------+--------+--------+--------+--------+-----+--------+

Top non-repeatable levels by time:
     D:1: 789 daAuts
     D:2: 747 daAuts
